 Dungeon Crawl Stone Soup version 0.32-a0-933-ga8fa3634e4 (webtiles) character file.

Game seed: 7374959878369622582

197294 Daunt the Fetichist (level 18, -4/223 HPs)
             Began as a Coglin Fighter on Apr 14, 2024.
             Was an Initiate of Gozag.
             Hit by a javelin thrown by a merfolk javelineer (8 damage)
             ... on level 1 of the Shoals on Apr 15, 2024.
             The game lasted 02:41:05 (38637 turns).

Daunt the Fetichist (Coglin Fighter)               Turns: 38637, Time: 02:41:06

Health: -4/223     AC: 29    Str: 27    XL:     18   Next: 40%
Magic:  3/3        EV: 13    Int:  8    God:    Gozag
Gold:   7660       SH:  0    Dex: 14    Spells: 17/17 levels left

rFire   + + +        X - +6 demon trident of Osmetics {pain, *Rage rF+++ MP-9 Str+3}
rCold   + . .        M - +5 demon whip "Spellbinder" {antimagic, disrupt, Will+}
rNeg    + + +        k - +9 chain mail of the Sea {-Cast ^Drain rPois rN+++}
rPois   +            R - +2 hat {Will+}
rElec   +            v - scarf {rC+ rF+}
rCorr   +            C - +1 pair of gloves of the Forest {rCorr}
SInv    .            q - +2 pair of boots {Fly}
Will    +++..        (amulet unavailable) Stlth
                     (ring unavailable)
HPRegen 1.37/turn    (ring unavailable)
MPRegen 0.48/turn    B - neopneumatic samoflange {rElec rF+ Regen+ RegenMP+}

%: no spellcasting, random rage (20%)
@: berserking (expiring), lethally poisoned (-4 -> -8), gold aura, flying,
studying Evocations, revved, very quick
A: off-hand wielding, slow wielding, warmup strikes, no jewellery
}: 1/15 runes: gossamer
a: Renounce Religion, Potion Petition, Call Merchant, Bribe Branch


You were on level 1 of the Shoals.
You worshipped Gozag.
Gozag was greatly pleased with you.
You visited 5 branches of the dungeon, and saw 27 of its levels.
You also visited: Sewer, Gauntlet and Ice Cave.

You collected 11955 gold pieces.
You spent 4263 gold pieces at shops.
You paid 32 gold pieces to Gozag.

Inventory:

Hand Weapons
 M - the +5 demon whip "Spellbinder" (offhand) {antimagic, disrupt, Will+}
   (You found it on level 5 of the Lair of Beasts)

   Will+:     It increases your willpower.
 X - the +6 demon trident of Osmetics (weapon) {pain, *Rage rF+++ MP-9 Str+3}
   (You found it on level 5 of the Lair of Beasts)

   Str+3:     It affects your strength (+3).
   rF+++:     It renders you almost immune to fire.
   MP-9:      It affects your magic capacity (-9).
   *Rage:     It berserks you when you make melee attacks (+20% chance).
Missiles
 b - 22 boomerangs
 r - 3 throwing nets
 x - 62 poisoned darts (quivered)
 L - 6 atropa-tipped darts
 N - 15 javelins
 Q - 3 datura-tipped darts
 S - 4 darts of dispersal
Armour
 k - the +9 chain mail of the Sea (worn) {-Cast ^Drain rPois rN+++}
   (You acquired it on level 1 of the Spider Nest)

   rPois:     It protects you from poison.
   rN+++:     It renders you almost immune to negative energy.
   -Cast:     It prevents spellcasting.
   ^Drain:    It drains your maximum health when unequipped.
 q - a +2 pair of boots of flying (worn)
 v - a scarf of resistance (worn)
 C - the +1 pair of gloves of the Forest (worn) {rCorr}
   (You acquired it on level 1 of the Spider Nest)

   rCorr:     It protects you from acid and corrosion.
 R - a +2 hat of willpower (worn)
Gizmo
 B - a neopneumatic samoflange (installed) {rElec rF+ Regen+ RegenMP+}
   (You invented it yourself on level 2 of the Lair of Beasts)

   [neopneumatic samoflange]

   rF+:       It protects you from fire.
   rElec:     It insulates you from electricity.
   Regen+:    It increases your rate of health regeneration.
   RegenMP+:  It increases your rate of magic regeneration.
Wands
 w - a wand of charming (15)
 z - a wand of quicksilver (7)
 E - a wand of roots (8)
 J - a wand of flame (34)
 O - a wand of mindburst (1)
 Z - a wand of polymorph (8)
Scrolls
 a - 2 scrolls of fog
 c - 3 scrolls of summoning
 g - 10 scrolls of teleportation
 j - 8 scrolls of vulnerability
 m - 5 scrolls of revelation
 t - 4 scrolls of immolation
 u - 3 scrolls of poison
 y - 6 scrolls of blinking
 A - a scroll of silence
 D - 5 scrolls of fear
Potions
 d - 6 potions of haste
 f - 6 potions of heal wounds
 h - 3 potions of resistance
 l - 4 potions of cancellation
 o - 17 potions of curing
 p - 5 potions of lignification
 G - 6 potions of enlightenment
 H - 7 potions of attraction
 K - a potion of berserk rage
 P - 3 potions of invisibility
 U - 7 potions of ambrosia
 W - a potion of mutation
 Y - 2 potions of might
Miscellaneous
 e - a tin of tremorstones (2/2)
 s - a lightning rod (4/4)
 I - a sack of spiders


   Skills:
 + Level 15.4 Fighting
 - Level 12.0 Maces & Flails
 - Level 14.0 Polearms
 + Level 8.2 Throwing
 - Level 12.0 Armour
 + Level 10.5 Dodging
 - Level 2.1 Shields
 - Level 18.0 Evocations


You had 17 spell levels left.
You didn't know any spells.
Your spell library contained the following spells:

 Spells                   Type           Power      Damage    Failure   Level
 Magic Dart               Conj           0%         1d3       83%         1
 Necrotise                Necr           0%         1d4       83%         1
 Shock                    Conj/Air       0%         1d3       83%         1
 Summon Small Mammal      Summ           0%         N/A       83%         1
 Blink                    Tloc           0%         N/A       92%         2
 Call Imp                 Summ           0%         N/A       92%         2
 Cigotuvi's Dreadful Rot  Necr/Alch/Air  0%         N/A       92%         2
 Lesser Beckoning         Tloc           0%         N/A       92%         2
 Static Discharge         Conj/Air       0%         3-3/arc   92%         2
 Call Canine Familiar     Summ           0%         N/A       99%         3
 Dazzling Flash           Conj/Hex       0%         N/A       99%         3
 Inner Flame              Hex/Fire       0%         N/A       99%         3
 Maxwell's Portable Pile  Tloc           0%         2d(5-13)  99%         3
 Mephitic Cloud           Conj/Alch/Air  0%         N/A       99%         3
 Swiftness                Air            0%         N/A       99%         3
 Teleport Other           Tloc           0%         N/A       99%         3
 Tukima's Dance           Hex            0%         N/A       99%         3
 Vampiric Draining        Necr           0%         2d6       99%         3
 Airstrike                Air            0%         2d(0-16)  100%        4
 Dimensional Bullseye     Hex/Tloc       0%         N/A       100%        4
 Flame Wave               Conj/Fire      0%         2d4       100%        4
 Ignite Poison            Fire/Alch      0%         N/A       100%        4
 Iskenderun's Mystic Bla Conj/Tloc 0%             2d3        (+2d1     100%        4
 Martyr's Knell           Necr/Summ      0%         N/A       100%        4
 Passage of Golubria      Tloc           0%         N/A       100%        4
 Sticky Flame             Fire/Alch      0%         2d4       100%        4
 Summon Blazeheart Golem  Fire/Summ      0%         N/A       100%        4
 Summon Lightning Spire   Summ/Air       0%         N/A       100%        4
 Arcjolt                  Conj/Air       0%         1d10      100%        5
 Borgnjor's Vile Clutch   Necr/Erth      0%         N/A       100%        5
 Curse of Agony           Necr           0%         N/A       100%        5
 Freezing Cloud           Conj/Ice/Air   0%         6-21      100%        5
 Irradiate                Conj/Alch      0%         3d11      100%        5
 Silence                  Hex/Air        0%         N/A       100%        5
 Yara's Violent Unravell  Hex/Alch       0%         3d3       100%        5
 Death Channel            Necr           0%         N/A       100%        6
 Dispersal                Tloc           0%         N/A       100%        6
 Gell's Gavotte           Tloc           0%         2d(11-16) 100%        6
 Enfeeble                 Hex            0%         N/A       100%        7
 Manifold Assault         Tloc           0%         N/A       100%        7
 Spellforged Servitor     Conj/Summ      0%         N/A       100%        7
 Ignition                 Fire           0%         3d3       100%        8
 Maxwell's Capacitive Co  Air            0%         ∞         100%        8
 Animate Dead             Necr           Unusable   N/A       N/A         4

Dungeon Overview and Level Annotations

Branches:
Dungeon (15/15)            Temple (0/1) D:7            Lair (5/5) D:11
 Shoals (1/4) Lair:2       Spider (4/4) Lair:3        Slime (0/5) Lair:5
    Orc (2/2) D:12            Elf (0/3) Orc:2        Vaults (0/5) D:13
 Depths (0/4) D:15          Sewer (visited)           IceCv (visited)
Gauntlet (visited)

Altars:
Ashenzari
Cheibriados
Elyvilon
Gozag
Kikubaaqudgha
Makhleb
Qazlal
Trog
Uskayaw
Vehumet
Wu Jian
Jiyva

Shops:
D:6 (:![[   D:13 *:   Orc:2 [?([

Portals:
Abyss: D:7

Annotations:
D:2 1 runed translucent door, Crazy Yiuf
D:10 2 transporters
D:12 dig
D:14 2 transporters, Myasimauvo's ghost, journeyman DEHW
Spider:3 3 runed translucent doors, RBrandon's ghost, adept MDFi


Innate Abilities, Weirdness & Mutations

You can wield a second weapon in your off-hand.
It takes a long time for you to wield or remove held weapons.
Your first few attacks do less damage.
You cannot equip rings or amulets.


Message History

* * * LOW HITPOINT WARNING * * *
You feel sick. The merfolk hits you with a +0 trident.
* * * LOW HITPOINT WARNING * * *
The merfolk aquamancer hits you but does no damage.
Unknown command.
You thrash the merfolk aquamancer with the +5 demon whip "Spellbinder"!!
The merfolk aquamancer's magic leaks into the air.
The merfolk aquamancer is engulfed in negative energy!
The merfolk aquamancer is drained!
The merfolk aquamancer is almost dead.
You completely miss the merfolk aquamancer with the +6 demon trident of Osmetics.
* * * LOW HITPOINT WARNING * * *
You feel sick.
The merfolk is no longer distracted by gold.
The merfolk javelineer throws a silver javelin.
The silver javelin misses you.
The silver javelin pierces through the merfolk!!
The merfolk dies!
You hear a splash.
You whack the merfolk aquamancer with the +5 demon whip "Spellbinder"!
You kill the merfolk aquamancer!
You now have 7660 gold pieces (gained 4).
You hear a splash. x2
* * * LOW HITPOINT WARNING * * *
You feel sick.
The merfolk is distracted by your dazzling golden aura. x2
Reach: X) +6 demon trident of Osmetics {pain, *Rage rF+++ MP-9 Str+3}
Press: ? - help, Dir - move target, f - merfolk javelineer
Aim: a merfolk javelineer, wielding a +2 spear of venom, wearing a +0 leather armour and quivering javelins (water, about 30% to evade the +6 demon trident of Osmetics)
Okay, then.
Unknown command.
Unknown command.
* * * LOW HITPOINT WARNING * * *
You feel very sick.
The merfolk is no longer distracted by gold. x2
The merfolk is distracted by your dazzling golden aura.
The merfolk javelineer throws a javelin.
The javelin pierces through you!
You die...
Your body crumbles into a pile of gold.

.......$#~≈≈≈≈≈≈~~..
≈≈~#...###..)#~≈≈≈≈≈≈~...
≈≈~#...#°#..?#~≈≈≈≈≈≈....
≈≈~#...###...#~≈≈≈≈≈≈..).
≈≈~#m.mmmm..÷#~≈≈≈≈≈≈....
≈≈~##mmmmm..##~≈≈≈≈≈≈..).
≈≈~~'#mmmmm##~~≈≈≈≈≈≈....
≈≈≈÷~#######~~≈≈≈≈≈≈≈~..~
≈≈≈≈~m$~@~)~~≈≈≈≈≈≈≈≈~~~≈
≈≈≈≈≈m≈≈≈≈≈≈≈≈≈≈≈≈≈≈≈~≈≈≈
≈≈≈≈≈≈≈≈≈≈≈≈≈≈≈≈≈≈≈≈≈~≈≈≈
≈≈≈≈≈≈≈≈≈≈≈≈≈≈≈≈≈≈≈≈≈≈≈≈≈
#########################


You could see a merfolk avatar, a merfolk impaler, 3 merfolk javelineers and 12
merfolk.

Vanquished Creatures
  Jorgrun (D:12)
  Asterion (Spider:1)
  2 krakens (Shoals:1)
  Kirke (D:14)
  Roxanne (D:14)
  5 ghost moths
  3 emperor scorpions
  A quicksilver ooze (Gauntlet)
  3 broodmothers
  3 spark wasps
  3 merfolk impalers (Shoals:1)
  A blizzard demon (Gauntlet)
  Snorg (D:11)
  A fire dragon (D:14)
  8 vault guards (D:13)
  2 entropy weavers
  6 hydras
  A rakshasa (D:14)
  4 jorogumos
  An ice dragon (IceCv)
  A merfolk avatar (Lair:5)
  2 ogre magi (Orc:2)
  2 catoblepae
  2 death knights
  3 centaur warriors
  12 boulder beetles
  11 two-headed ogres
  10 death yaks
  2 radroaches
  A deep troll earth mage (D:15)
  A merfolk aquamancer (Shoals:1)
  2 tengu warriors (D:14)
  6 demonic crawlers
  Nergalle (D:11)
  The ghost of glaedl the Grappler, a novice TrBe of Trog (D:7)
  10 pharaoh ants
  3 skysharks
  A skeletal warrior (D:15)
  Lodul (D:10)
  A sea snake (Shoals:1)
  2 deep trolls (Orc:2)
  4 orb spiders
  A deep elf archer (D:14)
  4 steelbarb worms
  2 phantasmal warriors
  A necromancer (Gauntlet)
  4 deep elf pyromancers
  A harpy (Lair:5)
  22 wolf spiders
  2 obsidian bats
  9 ugly things
  4 manticores
  7 cyclopes
  A toenail golem (D:7)
  4 meliai
  9 slime creatures
  2 moths of wrath
  2 kobold blastminers
  A merfolk siren (Shoals:1)
  21 elephants
  8 black mambas
  16 cane toads
  2 ice statues (IceCv)
  6 torpor snails
  5 kobold demonologists
  14 komodo dragons
  8 rime drakes
  4 freezing wraiths (D:14)
  3 unseen horrors
  An ice devil (Gauntlet)
  An efreet (D:14)
  4 polar bears
  15 trolls
  A troll (shapeshifter) (D:15)
  11 merfolk
  A raiju (Gauntlet)
  4 hornets
  19 tarantellas
  19 blink frogs
  3 snapping turtles
  24 jumping spiders
  Sigmund (D:2)
  16 culicivoras
  3 shadows
  A vampire (D:9)
  48 yaks
  4 wyverns
  6 wraiths
  5 basilisks
  Eustachio (D:4)
  45 redbacks
  5 hogs (D:14)
  5 wargs (Orc:1)
  16 vampire mosquitoes
  Edmund (D:4)
  7 steam dragons
  3 acid dragons
  19 water moccasins
  Pargi (D:4)
  17 orc warriors
  2 ice beasts
  2 sky beasts (D:7)
  3 black bears
  26 ogres
  12 wolves
  18 centaurs
  2 phantoms
  6 kobold brigands
  2 brain worms (Sewer)
  29 bullfrogs
  5 scorpions
  A small abomination (D:7)
  12 wights
  5 killer bees (D:11)
  An elephant simulacrum (D:12)
  3 lindwurm simulacra (IceCv)
  A howler monkey (D:14)
  An electric eel (D:12)
  2 vampire bats (D:11)
  A howler monkey (shapeshifter) (D:14)
  A bombardier beetle (D:5)
  5 komodo dragon simulacra (IceCv)
  11 orc priests
  4 hounds
  3 gnoll boudas
  2 jellies
  2 hell rats
  22 orc wizards
  2 troll simulacra (D:12)
  3 polar bear simulacra (D:12)
  Robin (D:2)
  7 gnolls
  6 acid dragon simulacra (IceCv)
  11 adders
  2 naga simulacra (D:12)
  5 river rats (Sewer)
  A shadow imp (D:5)
  3 white imps (D:6)
  An ufetubus (D:7)
  7 steam dragon simulacra (IceCv)
  6 ribbon worms
  3 dart slugs
  47 orcs
  3 bats
  A bat skeleton (D:11)
  5 bat zombies (D:11)
  3 endoplasms
  3 giant cockroaches
  18 goblins
  7 hobgoblins
  5 jackals (Sewer)
  12 kobolds
  10 quokkas
  11 ball pythons
  8 frilled lizards
  5 rats
  13 tentacles (Shoals:1)
991 creatures vanquished.

Vanquished Creatures (others)
  A torpor snail (Spider:4)
  A merfolk (Shoals:1)
  10 tentacles (Shoals:1)
12 creatures vanquished.

Grand Total: 1003 creatures vanquished

Notes
Turn   | Place    | Note
-------+----------+-------------------------------------------
     0 | D:1      | Daunt the Coglin Fighter began the quest for the Orb.
     0 | D:1      | Reached XP level 1. HP: 18/18 MP: 1/1
   438 | D:1      | Reached XP level 2. HP: 23/24 MP: 2/2
   481 | D:1      | Found a faded altar of an unknown god.
  1214 | D:2      | Reached XP level 3. HP: 29/29 MP: 3/3
  1274 | D:2      | Noticed Robin
  1311 | D:2      | Killed Robin
  1398 | D:2      | Found an opulent altar of Gozag.
  1435 | D:2      | Reached XP level 4. HP: 34/35 MP: 4/4
  1462 | D:2      | Became a worshipper of Gozag Ym Sagoz the Greedy
  1558 | D:2      | Noticed Sigmund
  1855 | D:2      | Reached XP level 5. HP: 41/41 MP: 5/5
  1885 | D:2      | Killed Sigmund
  1886 | D:2      | Reached skill level 5 in Polearms
  1886 | D:2      | Reached XP level 6. HP: 47/47 MP: 6/6
  1912 | D:2      | Found a runed translucent door.
  1913 | D:2      | Noticed Crazy Yiuf
  2540 | D:3      | Found a broken altar of Ashenzari.
  2540 | D:3      | Found a burning altar of Makhleb.
  2548 | D:3      | Found an ancient bone altar of Kikubaaqudgha.
  2550 | D:3      | Found an ornate altar of the Wu Jian Council.
  2552 | D:3      | Found a faded altar of an unknown god.
  2984 | D:4      | Noticed Pargi
  3030 | D:4      | Noticed Edmund
  3080 | D:4      | Killed Pargi
  3318 | D:4      | Reached XP level 7. HP: 50/52 MP: 7/7
  3510 | D:4      | Noticed Eustachio
  3537 | D:4      | Killed Eustachio
  3806 | D:5      | Entered Level 5 of the Dungeon
  4231 | D:5      | Reached XP level 8. HP: 54/58 MP: 8/8
  4605 | D:6      | Found a radiant altar of Vehumet.
  4617 | D:6      | Noticed a troll
  4673 | D:6      | Killed a troll
  4694 | D:6      | Found Maivew's Antique Armour Shop.
  4730 | D:6      | Found Gouleg's Antique Weapon Shoppe.
  4735 | D:6      | Bought a glowing spear for 186 gold pieces
  4768 | D:6      | Found Gituc's Book Boutique.
  4852 | D:6      | Found a glowing drain.
  4881 | Sewer    | Entered a sewer
  4895 | Sewer    | Reached skill level 10 in Polearms
  5042 | Sewer    | Reached skill level 1 in Evocations
  5248 | Sewer    | Reached skill level 2 in Evocations
  5248 | Sewer    | Reached XP level 9. HP: 59/63 MP: 7/9
  5767 | D:6      | Reached skill level 3 in Evocations
  5900 | D:6      | Bought a pair of embroidered boots for 157 gold pieces
  5913 | D:6      | Bought a runed chain mail for 157 gold pieces
  6011 | D:6      | Found Tiumul's Distillery.
  6014 | D:6      | Bought a potion of enlightenment for 70 gold pieces
  6014 | D:6      | Bought a potion of degeneration for 14 gold pieces
  6014 | D:6      | Bought a potion of curing for 42 gold pieces
  6014 | D:6      | Bought a potion of attraction for 42 gold pieces
  6243 | D:6      | Found Aniotuukk's Armour Emporium.
  6294 | D:6      | Identified the +5 hand axe of Extremism {freeze, rPois rC++
                  | Int-4 Dex+3 SInv}
  6783 | D:4      | Killed Edmund
  6902 | D:4      | Found a bloodstained altar of Trog.
  7076 | D:7      | Found a staircase to the Ecumenical Temple.
  7084 | D:7      | Found a transporter.
  7098 | D:7      | Noticed a toenail golem
  7101 | D:7      | Noticed glaedl's ghost (novice TrBe)
  7382 | D:7      | Found a faded altar of an unknown god.
  7382 | D:7      | Found the Hermit's Pendant {Faith Invo=14 Evo=0 MP+5}
  7430 | D:7      | Reached skill level 1 in Dodging
  7446 | D:7      | Reached skill level 4 in Evocations
  7458 | D:7      | Reached XP level 10. HP: 70/71 MP: 10/10
  7613 | D:7      | Found a transporter.
  7735 | D:7      | Found a one-way gate to the infinite horrors of the Abyss.
  8094 | D:7      | Reached skill level 5 in Evocations
  8398 | D:8      | Noticed a two-headed ogre
  9263 | D:8      | Killed a two-headed ogre
  9264 | D:8      | Reached skill level 5 in Fighting
  9264 | D:8      | Reached skill level 6 in Evocations
  9979 | D:9      | Noticed a kobold demonologist
  9997 | D:9      | Reached skill level 1 in Throwing
  9998 | D:9      | Noticed a kobold demonologist
 10003 | D:9      | Killed a kobold demonologist
 10004 | D:9      | Reached XP level 11. HP: 78/80 MP: 11/11
 10014 | D:9      | Reached skill level 7 in Evocations
 10112 | D:9      | Reached skill level 5 in Armour
 10395 | D:9      | Reached skill level 5 in Dodging
 10845 | D:9      | Found a stormy altar of Qazlal.
 11238 | D:9      | Reached skill level 8 in Evocations
 11912 | D:9      | Noticed a purple ugly thing
 11921 | D:9      | Killed a purple ugly thing
 12175 | D:10     | Entered Level 10 of the Dungeon
 12197 | D:10     | Found a transporter.
 12197 | D:10     | Found a white marble altar of Elyvilon.
 12211 | D:10     | Found a transporter.
 12449 | D:10     | Noticed Lodul
 12993 | D:10     | Found a snail-covered altar of Cheibriados.
 13155 | D:10     | Killed Lodul
 13156 | D:10     | Reached XP level 12. HP: 75/92 MP: 12/12
 13440 | D:11     | Found a staircase to the Lair.
 13480 | D:11     | Noticed a two-headed ogre
 13563 | D:11     | Noticed Snorg
 13641 | D:11     | Noticed a boulder beetle
 13803 | D:11     | Killed Snorg
 13876 | D:11     | Found an ancient bone altar of Kikubaaqudgha.
 13988 | D:11     | Killed a two-headed ogre
 14285 | D:11     | Killed a boulder beetle
 14415 | D:11     | HP: 2/95 [cyclops/large rock (36)]
 14612 | D:11     | Noticed Nergalle
 14634 | D:11     | Killed Nergalle
 15471 | Lair:1   | Entered Level 1 of the Lair of Beasts
 15665 | Lair:1   | Reached skill level 10 in Fighting
 15857 | Lair:1   | Noticed a death yak
 16086 | Lair:1   | Noticed a boulder beetle
 16099 | Lair:1   | Killed a boulder beetle
 16533 | Lair:2   | Reached XP level 13. HP: 91/104 MP: 13/13
 16650 | Lair:1   | Reached skill level 5 in Throwing
 17897 | Lair:1   | Reached skill level 9 in Evocations
 19221 | Lair:2   | Found the +7 mace of Variability {chaos, chaos arc}
 19515 | Lair:2   | Found a staircase to the Shoals.
 20262 | Lair:3   | Reached skill level 10 in Evocations
 20262 | Lair:3   | Reached XP level 14. HP: 94/116 MP: 14/14
 20388 | Lair:2   | Acquired a neopneumatic samoflange {rElec rF+ Regen+
                  | RegenMP+}
 20554 | D:6      | Bought the +1 ice dragon scales of Tender Moments {Fly rF-
                  | rC++ Str+4} for 1155 gold pieces
 20657 | D:7      | Killed glaedl's ghost
 21555 | Lair:3   | Reached skill level 11 in Evocations
 21616 | Lair:3   | Found a hole to the Spider Nest.
 22859 | Lair:5   | Entered Level 5 of the Lair of Beasts
 22873 | Lair:5   | Reached skill level 10 in Armour
 22911 | Lair:5   | Found a hide-covered altar of Uskayaw.
 22946 | Lair:4   | Reached XP level 15. HP: 100/126 MP: 15/15
 23041 | Lair:5   | Found an ornate altar of the Wu Jian Council.
 23234 | Lair:5   | Found a staircase to the Slime Pits.
 23239 | Lair:5   | Found a viscous altar of Jiyva.
 23843 | Lair:5   | Found the +5 demon whip "Spellbinder" {antimagic, disrupt,
                  | Will+}
 23884 | Lair:5   | Identified the ring of Grace {Ice Will++}
 23902 | Lair:5   | Reached skill level 12 in Evocations
 23950 | Lair:5   | Identified the +6 demon trident of Osmetics {pain, *Rage
                  | rF+++ MP-9 Str+3}
 23970 | Lair:5   | Got Hermeneutics, Part Seven
 24152 | Lair:5   | Reached skill level 1 in Maces & Flails
 24382 | D:12     | Noticed Jorgrun
 24403 | D:12     | Killed Jorgrun
 24605 | D:12     | Found a staircase to the Orcish Mines.
 24646 | D:12     | Found a frozen archway.
 24698 | IceCv    | Entered an ice cave
 24976 | IceCv    | Found the +4 skin of Zhor {*Englaciate rC+++ SInv}
 26016 | D:13     | Reached skill level 5 in Maces & Flails
 26096 | D:13     | Found Docro's General Store.
 26132 | D:13     | Found a gate leading to a gauntlet.
 26155 | Gauntlet | Entered a Gauntlet
 26155 | Gauntlet | Found a large runed translucent door.
 26155 | Gauntlet | Found a large runed translucent door.
 26155 | Gauntlet | Found a large runed translucent door.
 26155 | Gauntlet | Found a large runed translucent door.
 26155 | Gauntlet | Found a large runed translucent door.
 26155 | Gauntlet | Found a transporter.
 26155 | Gauntlet | Found a large runed translucent door.
 26155 | Gauntlet | Found a large runed translucent door.
 26155 | Gauntlet | Found a large runed translucent door.
 26155 | Gauntlet | Found a runed translucent door.
 26155 | Gauntlet | Found a runed translucent gate.
 26155 | Gauntlet | Found a runed translucent gate.
 26155 | Gauntlet | Found a transporter.
 26155 | Gauntlet | Found a transporter.
 26166 | Gauntlet | Found a transporter.
 26168 | Gauntlet | Found a transporter.
 26181 | Gauntlet | Found a transporter.
 26192 | Gauntlet | Found a transporter.
 26207 | Gauntlet | Found a transporter.
 26232 | Gauntlet | Found a transporter.
 26233 | Gauntlet | Found a transporter.
 26235 | Gauntlet | Found a transporter.
 26250 | Gauntlet | Found a transporter.
 26255 | Gauntlet | Found a runed translucent gate.
 26257 | Gauntlet | Found a large runed translucent door.
 26258 | Gauntlet | Found a large runed translucent door.
 26258 | Gauntlet | Found a large runed translucent door.
 26259 | Gauntlet | Found a large runed translucent door.
 26264 | Gauntlet | Found a runed translucent door.
 26275 | Gauntlet | Found a large runed translucent door.
 26275 | Gauntlet | Found a large runed translucent door.
 26276 | Gauntlet | Found a large runed translucent door.
 26277 | Gauntlet | Found a large runed translucent door.
 26467 | Gauntlet | Identified the ring of Xiemmebb {MP+9 AC+4}
 26712 | D:13     | Found Savoe's Vocational Training.
 26720 | D:13     | Bought a manual of Evocations for 1200 gold pieces
 26907 | D:13     | Found a gate to the Vaults.
 27300 | D:13     | Bought a scroll of identify for 26 gold pieces
 27300 | D:13     | Bought a scroll of fear for 52 gold pieces
 27780 | D:14     | Reached XP level 16. HP: 134/134 MP: 1/16
 28166 | D:14     | Noticed Roxanne
 28216 | D:14     | Found a transporter.
 28219 | D:14     | Noticed Myasimauvo's ghost (journeyman DEHW)
 28270 | D:14     | Noticed Kirke
 28273 | D:14     | Reached skill level 10 in Maces & Flails
 28273 | D:14     | Found a transporter.
 28285 | D:14     | Killed Kirke
 28935 | D:14     | Killed Roxanne
 29008 | D:15     | Entered Level 15 of the Dungeon
 29345 | D:15     | Identified the +0 long sword "Roox Rad" {freeze, Fly Int-2
                  | Dex+3 Stlth+}
 29377 | D:15     | Found a staircase to the Depths.
 29594 | D:15     | Found a broken altar of Ashenzari.
 29848 | Orc:1    | Entered Level 1 of the Orcish Mines
 29919 | Orc:1    | Reached skill level 13 in Evocations
 30683 | Orc:2    | Entered Level 2 of the Orcish Mines
 30791 | Orc:2    | Found a staircase to the Elven Halls.
 30845 | Orc:2    | Found Waapt's Antique Armour Shoppe.
 30848 | Orc:2    | Found Ugihuf's Magic Scroll Shoppe.
 31331 | Orc:2    | Reached skill level 14 in Evocations
 31490 | Orc:2    | Found Ginatotei's Antique Weapon Shop.
 31501 | Orc:2    | Bought a scroll of blinking for 112 gold pieces
 31501 | Orc:2    | Bought a scroll of noise for 15 gold pieces
 31501 | Orc:2    | Bought a scroll of identify for 30 gold pieces
 31511 | Orc:2    | Found Mibrakas's Armour Emporium.
 31548 | Orc:2    | Bought a pair of embroidered gloves for 232 gold pieces
 31548 | Orc:2    | Bought an ichor-stained chain mail for 294 gold pieces
 31548 | Orc:2    | Identified the +0 chain mail of Action {rElec rC+ Int+2}
                  | (You bought it in a shop on level 2 of the Orcish Mines)
 31566 | Orc:2    | Bought a +4 chain mail of poison resistance for 427 gold
                  | pieces
 31664 | D:13     | Bought a potion of might for 52 gold pieces
 31820 | Spider:1 | Entered Level 1 of the Spider Nest
 31884 | Lair:3   | Reached XP level 17. HP: 104/140 MP: 0/17
 32575 | Spider:1 | Reached skill level 15 in Evocations
 32615 | Spider:1 | Identified 2 scrolls of acquirement
 32616 | Spider:1 | Acquired the +9 chain mail of the Sea {-Cast ^Drain rPois
                  | rN+++}
 32618 | Spider:1 | Acquired the +1 pair of gloves of the Forest {rCorr}
 33250 | Spider:1 | Noticed Asterion
 33414 | Spider:1 | Killed Asterion
 33757 | Spider:2 | Reached skill level 16 in Evocations
 35054 | Spider:3 | Noticed RBrandon's ghost (adept MDFi)
 35777 | Spider:3 | Found a runed translucent gate.
 35777 | Spider:3 | Found a runed translucent gate.
 35777 | Spider:3 | Found a runed translucent gate.
 35847 | Spider:4 | Entered Level 4 of the Spider Nest
 35851 | Spider:4 | Reached skill level 17 in Evocations
 36555 | Spider:4 | Reached XP level 18. HP: 140/148 MP: 3/18
 36796 | Spider:4 | Reached skill level 18 in Evocations
 36799 | Spider:4 | Reached skill level 15 in Fighting
 36977 | Spider:4 | Reached skill level 10 in Dodging
 37146 | Spider:4 | Identified the -1 pair of gloves of Mamohisy {MP+9 Str+2
                  | Int-2 Dex+6}
 37154 | Spider:4 | Got a gossamer rune of Zot
 37817 | Shoals:1 | Entered Level 1 of the Shoals
 38633 | Shoals:1 | HP: 11/223 [poisoned by a merfolk impaler]
 38637 | Shoals:1 | HP: 4/223 [poisoned by a merfolk impaler]
 38637 | Shoals:1 | Hit by a javelin thrown by a merfolk javelineer

Illustrated notes

Levels and vault maps discovered:
D:1:      dpeg_arrival_signposts, layout_loops_corners,
          chequers_ecumenical_altar_island
D:2:      layout_basic, basic_altar, minivault_4, uniq_sigmund, uniq_robin,
          uniq_crazy_yiuf_cottage
D:3:      layout_loops_ring, chequers_temple_overflow_minitemple,
          kennysheep_boxes
D:4:      layout_rooms, trog_butcher_becter, serial_aquarium,
          aquarium_bridge_square [aquarium_subvault_bridge,
          aquarium_subvault_window, aquarium_subvault_window,
          aquarium_subvault_bridge], aquarium_bridge_square
          [aquarium_subvault_bridge, aquarium_subvault_balcony,
          aquarium_subvault_bridge, aquarium_subvault_window],
          aquarium_window_1, aquarium_window_corridor_2, aquarium_window_fake,
          aquarium_window_corner, aquarium_view_2a, uniq_pargi, uniq_eustachio,
          uniq_edmund
D:5:      layout_rooms
D:6:      layout_loops_cross, mainiacjoe_overflow_concentric_impassable,
          serial_shops, nicolae_shop_window_shopping, shop,
          nicolae_shop_real_fake_doors, kennysheep_mini,
          nicolae_shop_temple_entry_statues_fountains,
          cheibrodos_sewer_entry_bend, minivault_19, hangedman_decor_riveting,
          kennysheep_opposing_triangles
D:7:      layout_cave_pods, minmay_temple_entry_mist,
          gammafunk_ghost_abyssal_escape, hellmonk_guarded_unrand_hermit
D:8:      layout_basic, serial_library_hellmonk_u_bend
D:9:      minmay_imperfect_grid, layout_irregular_city,
          nicolae_qazlal_style_of_elements, serial_co_window_serial,
          co_window_paths_a, co_window_paths_a, co_window_paths_a,
          co_window_paths_b, co_window_of_opportunity_a,
          co_window_of_opportunity_b, co_window_2corner, co_window_broadway_a,
          co_window_of_opportunity_b, co_window_of_opportunity_b,
          co_window_corner_ca, glass_columns_a, glass_columns_a
D:10:     layout_loops_ring, elyvilon_altar_4, cheibriados_altar_1, uniq_lodul
D:11:     layout_irregular_city, dpeg_lair_monsters, serial_rivers,
          chequers_serial_rivers_large_a, chequers_serial_rivers_micro_a,
          chequers_serial_rivers_small_a, chequers_serial_rivers_micro_b,
          kennysheep_vampire_church, uniq_nergalle, uniq_snorg
D:12:     layout_cave_pools, orc_0_dummy, portal_ice_cave_entry_ice_simulacra,
          hive_lemuel, uniq_jorgrun
D:13:     layout_gridville, erik_vaults_2, gauntlet_entry_generic, serial_shops,
          nicolae_shop_pleasant_corner_grove, nicolae_shop_vocational
D:14:     cheibrodos_ideogram_h, layout_loops_ring,
          gammafunk_ghost_berserking_beasts, chequers_decorated_corner,
          uniq_roxanne, uniq_kirke
D:15:     hellmonk_depths_entry_around_the_bend, layout_rooms,
          nicolae_ashenzari_skybound, serial_glass, glass_columns_b,
          glass_columns_a
Lair:1:   layout_chaotic_city, nicolae_lair_grove_arrangements,
          grunt_forest_small_clearings
Lair:2:   nzn_winding_woodlands_small [nzn_winding_woodlands_5x15_twine,
          nzn_winding_woodlands_center_garden,
          nzn_winding_woodlands_5x15_pathside_ponds], layout_small_grid,
          elwin_shoals_entry_stream, grunt_megastairs_5
Lair:3:   layout_long_grid, nicolae_spider_entry_lesser_pyramids
Lair:4:   layout_gridlike, kennysheep_catoblepas_arena
Lair:5:   gammafunk_lair_ancient_temple, layout_loops_ring, slime_entry_1,
          nzn_masters_of_martial_movement
Shoals:1: nicolae_shoals_lighthouse, layout_shoals,
          nicolae_shoals_lost_giant_pillars
Spider:1: layout_spider_delve, uniq_asterion
Spider:2: layout_chambers, special_room
Spider:3: layout_spider_delve, gammafunk_ghost_split
Spider:4: grunt_spider_rune_parallel, drop_trap, guppyfry_spider_mini_1
Orc:1:    layout_caves, nooodl_orcs_dogs
Orc:2:    st_orc_open, layout_diamond_mine

Skill      XL: |  1  2  3  4  5  6  7  8  9 10 11 12 13 14 15 16 17 18 |
---------------+-------------------------------------------------------+-----
Polearms       | 2 3 4 5 6 8 10 11 12 13 14 | 14.0
Evocations     | 2 4 6 8 10 11 12 14 17 18 | 18.0
Armour         | 3 4 6 7 9 10 11 12 | 12.0
Dodging        | 2 4 5 6 8 9 10 | 10.5
Fighting       | 5 8 10 12 14 15 | 15.4
Throwing       | 1 3 4 5 6 7 8 |  8.2
Maces & Flails | 8 11 12 | 12.0
Shields        | |  2.1

Action                     |  1- 3 |  4- 6 |  7- 9 | 10-12 | 13-15 | 16-18 || total
---------------------------+-------+-------+-------+-------+-------+-------++-------
  Melee: Trident           |    85 |    93 |   310 |   565 |   904 |       ||  1957
         Dagger            |    61 |    72 |    62 |       |       |       ||   195
         Spear             |       |       |   225 |   565 |  1118 |   105 ||  2013
         Demon trident     |       |       |       |       |   237 |  1045 ||  1282
         Demon whip        |       |       |       |       |       |   656 ||   656
  Throw: Dart              |       |       |     3 |    15 |    15 |       ||    33
         Boomerang         |       |       |       |     5 |       |       ||     5
Ability: Invent Gizmo      |       |       |       |       |     1 |       ||     1
  Evoke: Wand              |       |       |       |     9 |     7 |     6 ||    22
    Use: Potion            |       |     1 |       |     2 |     2 |       ||     5
         Scroll            |       |       |     6 |     6 |     7 |    14 ||    33
   Stab: Distracted        |       |       |     2 |     3 |     8 |     7 ||    20
         Sleeping          |       |       |     3 |       |       |       ||     3
         Petrified         |       |       |       |       |     9 |       ||     9
         Petrifying        |       |       |       |       |     1 |       ||     1
 Armour: Scale mail        |    65 |    57 |    13 |       |       |       ||   135
         Leather armour    |       |       |   108 |    38 |       |       ||   146
         Chain mail        |       |       |       |   104 |       |   448 ||   552
         Plate armour      |       |       |       |   219 |   201 |       ||   420
         Ice dragon scales |       |       |       |       |   357 |   172 ||   529
  Dodge: Dodged            |    27 |    25 |   101 |   162 |   286 |   369 ||   970
  Block: Buckler           |     2 |       |       |       |       |       ||     2

Table legend: (Time is in decaauts)
 A = Elapsed time spent in this place.
 B = Non-inter-level travel time spent in this place.
 C = Inter-level travel time spent in this place.
 D = Time resting spent in this place.
 E = Time spent auto-exploring this place.
 F = Levels seen in this place.
 G = Mean time per level.
                   A        B        C        D        E       F      G
               +--------+--------+--------+--------+--------+-----+--------+
         Total |  38697 |  35337 |   3360 |   3883 |  22416 |  30 | 1289.9 |
       Dungeon |  20478 |  18309 |   2169 |   1719 |  12180 |  15 | 1365.2 |
          Lair |   8500 |   7609 |    891 |   1402 |   4478 |   5 | 1700.0 |
        Shoals |    787 |    787 |      0 |     22 |    510 |   1 |  787.0 |
   Spider Nest |   5243 |   5015 |    228 |    342 |   3272 |   4 | 1310.8 |
  Orcish Mines |   1766 |   1696 |     70 |    126 |    989 |   2 |  883.0 |
         Sewer |    881 |    881 |      0 |     25 |    647 |   1 |  881.0 |
      Ice Cave |    650 |    650 |      0 |    174 |    318 |   1 |  650.0 |
      Gauntlet |    389 |    389 |      0 |     71 |     19 |   1 |  389.0 |
               +--------+--------+--------+--------+--------+-----+--------+

Top non-repeatable levels by time:
  Lair:1: 2588 daAuts
     D:9: 2515 daAuts
  Lair:2: 2377 daAuts
    D:14: 1948 daAuts
    D:11: 1854 daAuts
     D:8: 1604 daAuts
     D:6: 1599 daAuts
Spider:2: 1537 daAuts
    D:10: 1525 daAuts
Spider:4: 1517 daAuts
  Lair:3: 1419 daAuts
     D:7: 1367 daAuts
    D:13: 1296 daAuts
Spider:1: 1283 daAuts
  Lair:5: 1201 daAuts
